[Event "*** Titled Tuesday Blitz"]
[Site "Chess.com"]
[Date "2018.07.03"]
[Round "1"]
[White "Msb2"]
[Black "NateSolon"]
[Result "1-0"]
[WhiteElo "2735"]
[BlackElo "2390"]
[TimeControl "180+2"]
[EndTime "13:09:28 PDT"]
[Termination "Msb2 won by resignation"]

1. d4 Nf6 2. c4 e6 3. g3 d5 4. Bg2 Be7 5. Nf3 O-O 6. Nc3 dxc4 7. Ne5 Nc6 8. Bxc6 bxc6 9. Nxc6 Qd7 10. Nxe7+ Qxe7 11. Be3 Bb7 12. O-O Qb4 13. Qc1 Nd5 14. f3 Nxe3 15.
Qxe3 Rfd8 16. Rfd1 Rab8 17. Rd2 c5 18. Rad1 cxd4 19.
Rxd4 Rxd4 20. Qxd4 Qb6 21. Qxb6 axb6 22. Rd6 Ba6 23. Kf2 Kf8 24. a3 Ke7 25. Rd2 Rd8 26.
Rxd8 Kxd8 27. Ke3 Ke7 28. Kd4 f6 29. f4 Kd6 30. Ne4+ Kc6 31. Nd2 b5 32. e4 Bb7 33.
Nb1 Kd6 34. e5+ Kc6 35. Nc3 f5 36. Na2 Kb6 37. Nb4 Be4 38. Na2 Bd5 39. Nc3 Bc6 40.
Nd1 Bf3 41. Ne3 Be4 42. g4 g6 43. g5 Kc6 44. h4 Bf3 45. Nf1 Bd5 46. Nd2 Kb6 47. Nb1 Be4 48. Nc3 Bc6 49. Ne2 Bf3 50. Ng3 Kc6 51. Nf1 Bg2 52. Ne3 Be4 53. a4 Bd3 54. axb5+ Kxb5 55. b3 Be2 56. bxc4+ Kc6 57. c5 Bf3 58. Nc4 Bd5 59. Nd6 Kd7 60. Nb5 Bc6 61.
Kc4 Bd5+ 62. Kb4 Bf3 63. Nd4 Be4 64. Kb5 Kc7 65. Nxe6+ Kd7 66. Nd4 1-0

[Event "*** Titled Tuesday Blitz"]
[Site "Chess.com"]
[Date "2018.07.03"]
[Round "1"]
[White "nickmatta"]
[Black "swayamsm"]
[Result "0-1"]
[WhiteElo "2274"]
[BlackElo "2601"]
[TimeControl "180+2"]
[EndTime "13:09:28 PDT"]
[Termination "swayamsm won by resignation"]

1. d4 e6 2. c4 Nf6 3. g3 c5 4. Nf3 cxd4 5. Nxd4 d5 6. Bg2 e5 7. Nf3 d4 8. O-O Nc6 9. e3 Be7 10. exd4 exd4 11. Bf4 O-O 12. Ne5 Qb6 13. Qb3 Na5 14. Qxb6 axb6 15. Rd1 Nb3 16. Nd2 Nxa1 17. Rxa1 Nh5 18. Nd3 Bf5 19. Ne4 Nf6 20. Nxf6+ Bxf6 21. Nb4 d3 22. Bxb7 Ra4 23. Bd6 Rd8 24. Bc6 Bxb2 25.
Rd1 Ra7 26. Bf4 h6 27. Be3 Bd4 28. Nd5 Bxe3 29. Nxe3 Be6 30. a4 d2 31. Kf1 Rc7 32. Bb5 Rc5 33. Ke2 Rh5 34. h4 g5 35. hxg5 hxg5 36.
Rxd2 Rxd2+ 37. Kxd2 Kf8 38. Kd3 Ke7 39. Kd4 Kd6 40.
Nd5 Bxd5 41. cxd5 Rh2 42. f4 gxf4 43. gxf4 Rd2+ 44. Ke4 Rxd5 45. Bc4 Ra5 46. Bxf7 Rxa4+ 47. Kf5 b5 48. Kg5 b4 49. f5 Ke7 50. Bb3 Ra3 51.
f6+ Kf8 52. Bd5 b3 53. Kf4 b2 54. Be4 Ra4 0-1

[Event "*** Titled Tuesday Blitz"]
[Site "Chess.com"]
[Date "2018.07.03"]
[Round "1"]
[White "BasilSmash"]
[Black "Polish_fighter3000"]
[Result "0-1"]
[WhiteElo "2414"]
[BlackElo "2769"]
[TimeControl "180+2"]
[EndTime "13:09:31 PDT"]
[Termination "Polish_fighter3000 won by resignation"]

1. d4 Nf6 2. Nf3 e6 3. Bf4 d5 4. e3 c5 5. c3 Nc6 6. Nbd2 Bd6 7. Bg3 O-O 8. Bd3 b6 9. e4 Be7 10. e5 Nh5 11. Ng5 Bxg5 12. Qxh5 g6 13. Qe2 cxd4 14. Nf3 dxc3 15. bxc3 Be7 16. h4 h5 17. Bf4 Kg7 18. g4 hxg4 19. Ng5 Rh8 20. Qxg4 Qg8 21. Kd2 Kf8 22.
Rag1 f5 23. Qe2 Rh5 24. Nf3 Bd7 25. Bg5 Rc8 26. Bxe7+ Kxe7 27. Rg5 Qh7 28. Rg3 Be8 29. Rhg1 Na5 30. Qe3 Rc5 31. Rg5 Kd7 32. Rxh5 Qxh5 33.
Rg5 Qh6 34. Qf4 Qf8 35. Qg3 Nc4+ 36. Bxc4 Rxc4 37. Nd4 Qa3 38. h5 Qb2+ 39. Nc2 gxh5 40. Rg7+ Kc6 41. Rxa7 f4 42. Qh3 Bd7 43. a4 h4 44. Qd3 Bc8 45. Kd1 Qxc3 46. Qxc3 Rxc3 47. Kd2 Rc4 48. Kd3 Bb7 49. Nd4+ Rxd4+ 50. Kxd4 h3 51. a5 h2 52. a6 h1=Q 53. axb7 Kc7 0-1

[Event "*** Titled Tuesday Blitz"]
[Site "Chess.com"]
[Date "2018.07.03"]
[Round "1"]
[White "pedromartinez91"]
[Black "penguingm1"]
[Result "0-1"]
[WhiteElo "2412"]
[BlackElo "2762"]
[TimeControl "180+2"]
[EndTime "13:09:32 PDT"]
[Termination "penguingm1 won by resignation"]

1. e4 e5 2. Nf3 Nc6 3. Bb5 a6 4.
Ba4 Nf6 5. Bxc6 dxc6 6. d3 Nd7 7. Nbd2 f6 8. Nh4 g6 9. O-O Bg7 10. Nc4 O-O 11. Nf3 Qe7 12. Bd2 Nc5 13. Bb4 Rd8 14. Qe2 b6 15. a4 a5 16. Ba3 Bf8 17.
b3 Qf7 18. Nfd2 Ne6 19. Bb2 Nf4 20. Qe1 g5 21. Ne3 Qh5 22. Ba3 Bh6 23. f3 g4 24.
fxg4 Bxg4 25. Nf3 Rd7 26. Kh1 Rg7 27. Nxg4 Qxg4 28. g3 Qh3 29. Qf2 Nh5 30. Rg1 Kh8 31. Nh4 Nxg3+ 32. Rxg3 Qxh4 33. Rf3 Qh5 34. Rf5 Qh3 35. Bc1 Bxc1 36. Rxc1 Rag8 37. Rf3 Rg2 38. Rxh3 Rxf2 39. Rg3 Rxg3 40. hxg3 Kg7 41. Kg1 Rd2 42. Kf1 Kg6 43. Kg1 h5 44. c4 Kg5 45. c5 Kg4 46.
cxb6 cxb6 47. Rxc6 Kxg3 48. Kf1 h4 49. Rxf6 h3 50.
Rg6+ Kf3 51. Rf6+ Ke3 52. Rh6 h2 53. Ke1 Ra2 54. Rh3+ Kd4 55. Rxh2 Rxh2 0-1

[Event "*** Titled Tuesday Blitz"]
[Site "Chess.com"]
[Date "2018.07.03"]
[Round "1"]
[White "murmah2003"]
[Black "Passacaglia23"]
[Result "1-0"]
[WhiteElo "2616"]
[BlackElo "2298"]
[TimeControl "180+2"]
[EndTime "13:09:34 PDT"]
[Termination "murmah2003 won by resignation"]

1. Nf3 d5 2. d4 Nf6 3. c4 c6 4.
Nc3 e6 5. Bg5 Nbd7 6. e3 Qa5 7.
Bxf6 Nxf6 8. Nd2 Bb4 9. Qc2 c5 10. Nb3 Qc7 11. a3 Bxc3+ 12. Qxc3 cxd4 13. Nxd4 O-O 14. Rc1 b6 15. cxd5 Qxc3+ 16. Rxc3 Nxd5 17. Rc2 Bb7 18. Bb5 Rac8 19. Bc6 Bxc6 20. Nxc6 f5 21. Ke2 Rf7 22.
Rhc1 Kf8 23. Nd4 Rxc2+ 24. Rxc2 Ke7 25. Rc8 Kf6 26. f3 e5 27. Rc6+ Kg5 28. Ne6+ Kh5 29.
h3 Kh4 30. Kf2 Rd7 31. Rc8 Nf6 32. Rc7 Rd2+ 33. Kg1 g6 34. Kf1 Kg3 35. f4 Ne4 36. fxe5 Rxg2 37. Nf4 Rf2+ 38. Ke1 Kf3 39. e6 Kxe3 40.
e7 Rh2 41. Nd5+ Kd3 42. Kf1 Nd6 43. Rd7 Ne8 44. Nf6+ Ke3 45. Nxe8 Kf3 46. Ke1 Ke3 47. Kd1 Rh1+ 48. Kc2 Rh2+ 49. Kb3 Rxh3 50. Nd6 Kf4+ 51. Ka2 1-0

[Event "*** Titled Tuesday Blitz"]
[Site "Chess.com"]
[Date "2018.07.03"]
[Round "1"]
[White "Mimsychess"]
[Black "Kirill_Klukin"]
[Result "1-0"]
[WhiteElo "2297"]
[BlackElo "2586"]
[TimeControl "180+2"]
[EndTime "13:09:34 PDT"]
[Termination "Mimsychess won by resignation"]

1. e4 c5 2. Nf3 Nc6 3. d4 cxd4 4. Nxd4 e5 5. Nb5 d6 6. N1c3 a6 7. Na3 Be7 8. Nd5 Nf6 9. Nxf6+ Bxf6 10. Nc4 O-O 11.
Be3 Be7 12. Be2 b5 13. Nb6 Rb8 14. Nd5 Be6 15. O-O Bg5 16. Bxg5 Qxg5 17. c3 Ne7 18. a4 Ng6 19. Kh1 Bxd5 20. exd5 f5 21. axb5 axb5 22. g3 e4 23. Qd4 Rbe8 24. Ra7 Re5 25.
f4 exf3 26. Bxf3 f4 27. gxf4 Nxf4 28. Rg1 Qf6 29. Qxf4 Rf5 30. Rgxg7+ Qxg7 31. Rxg7+ Kxg7 32. Qg3+ Kh8 33. Be4 Re5 34. Qh4 h5 35. b3 Kg7 36.
Qg3+ Kf7 37. Qg6+ Ke7 38. c4 bxc4 39. bxc4 Rf6 40. Qg7+ Rf7 41. Qg2 Rf4 42. Qg7+ Rf7 43. Qg6 Rf6 44. Qh7+ Rf7 45. Qg6 Rf6 46. Qg8 Rf8 47.
Qg2 Rf4 48. Qg7+ Kd8 49. Qh8+ Kc7 50. Qg7+ Kb6 51. Bg6 Rg5 52. Qb2+ Kc7 53. Bd3 Rfg4 54. Qf2 h4 55. h3 Rg3 56. Qf7+ Kb6 57. Qf2+ Kc7 58.
Bf1 Rg7 59. Qa7+ Kd8 60. Qb8+ Kd7 61. Qb7+ Ke8 62. Qc8+ Kf7 63. Qd7+ Kg8 64. Qe8+ Kh7 65. Bd3+ Kh6 66. Qh8+ Kg5 67. Qxg7+ Kf4 68. Qd4+ Kg5 69. Bf1 Kg6 70. Qe4+ Kg5 71. Qe7+ Kf4 72. Qxh4+ Kf3 73. Be2+ Kf2 74. Qf4+ Ke1 75. Qxg3+ 1-0

[Event "*** Titled Tuesday Blitz"]
[Site "Chess.com"]
[Date "2018.07.03"]
[Round "1"]
[White "MateusViageiro"]
[Black "Bryakin_Mikhail"]
[Result "0-1"]
[WhiteElo "2301"]
[BlackElo "2623"]
[TimeControl "180+2"]
[EndTime "13:09:41 PDT"]
[Termination "Bryakin_Mikhail won by resignation"]

1. e4 c6 2. d4 d5 3. Nc3 dxe4 4.
Nxe4 Nf6 5. Ng3 h5 6. h4 Bg4 7. Be2 e6 8. c3 Bd6 9. Bxg4 hxg4 10. N1e2 Qc7 11. Qc2 Nbd7 12. Bg5 O-O-O 13. O-O-O Rde8 14. Ne4 Nxe4 15. Qxe4 f5 16. Qc2 Nf6 17. Bxf6 gxf6 18.
Kb1 g3 19. fxg3 Bxg3 20. h5 Rh7 21. Rh3 Bd6 22. Rdh1 Rg8 23. Nc1 Bf4 24. Nd3 Bh6 25. Nc5 Re7 26. Re1 Rge8 27. Qf2 b6 28. Nd3 Rg8 29.
Re2 Kd7 30. Ne1 Rg4 31. Rd3 Qf4 32. Qxf4 Rxf4 33. Kc2 Rh4 34. c4 Rxh5 35. d5 cxd5 36. cxd5 e5 37. Kb3 Rh1 38. Nc2 Kd6 39. Nb4 Rc7 40.
Nc6 f4 41. a4 Bg5 42. Kc4 Rc1+ 43. Kb5 Rc5+ 44. Ka6 Rxd5 45. Rxd5+ Kxd5 46. Nxa7 e4 47. Kxb6 f3 48. gxf3 exf3 49. Re1 Rc1 50. Re8 f2 51.
Nb5 f1=Q 52. Rd8+ Ke6 53. Nc7+ Rxc7 54. Kxc7 Qa6 55. b3 Bf4+ 0-1

[Event "*** Titled Tuesday Blitz"]
[Site "Chess.com"]
[Date "2018.07.03"]
[Round "1"]
[White "WPWPWP-2015"]
[Black "joppie2"]
[Result "0-1"]
[WhiteElo "2380"]
[BlackElo "2709"]
[TimeControl "180+2"]
[EndTime "13:09:46 PDT"]
[Termination "joppie2 won on time"]

1. e4 e6 2. d4 d5 3. Nc3 Nf6 4. Bg5 dxe4 5. Nxe4 Be7 6. Bxf6 gxf6 7. Nf3 f5 8. Nc3 a6 9. g3 b5 10. Bg2 Bb7 11. O-O Qd6 12. Qe2 Nd7 13. Rfd1 b4 14. Na4 Be4 15. c4 O-O 16. b3 Bf6 17. Rac1 Rad8 18.
c5 Qd5 19. Nb2 Nb8 20. Nc4 Nc6 21. Ne3 Bxf3 22. Bxf3 Nxd4 23. Nxd5 Nxe2+ 24. Bxe2 exd5 25. Bxa6 Bc3 26. c6 Kg7 27. a4 Rfe8 28. Bb7 Re2 29. a5 Ra2 30. a6 d4 31. Rd3 Re8 32. Rf1 Ree2 33. Kg2 Reb2 34. Rf3 Rxb3 35. Rxf5 Rba3 36. Rb5 b3 37. a7 b2 38. a8=Q Rxa8 39. Bxa8 Rxa8 40.
Rb1 Ra6 41. Kf3 Rxc6 42. Ke4 Rf6 43. f4 Re6+ 44. Kf3 Re3+ 45. Kf2 Rd3 46. R1xb2 Bxb2 47. Rxb2 Rc3 48. Ke2 c5 49. Rb6 c4 50. Kd2 Rf3 51.
Rd6 c3+ 52. Kc2 Rf2+ 53. Kc1 Rd2 54. g4 Kf8 55. f5 Ke7 56. Rd5 Kf6 57. h4 h6 58. Rd7 Ke5 59. Rxf7 Ke4 60. Rd7 Rh2 61. f6 d3 62. Re7+ Kf4 63. Kb1 c2+ 64. Kb2 Rh1 65. Rc7 Rb1+ 66. Ka2 c1=Q 67. Rxc1 Rxc1 0-1

[Event "*** Titled Tuesday Blitz"]
[Site "Chess.com"]
[Date "2018.07.03"]
[Round "1"]
[White "IamSchrodingersCat"]
[Black "TenisMaster"]
[Result "0-1"]
[WhiteElo "2409"]
[BlackElo "2759"]
[TimeControl "180+2"]
[EndTime "13:09:48 PDT"]
[Termination "TenisMaster won by resignation"]

1. e4 e5 2. Nf3 Nc6 3. Bb5 a6 4. Ba4 Nf6 5. d4 exd4 6. O-O b5 7. Bb3 Be7 8. e5 Ne4 9. Nxd4 Nxd4 10. Qxd4 Bb7 11.
Bd5 Nc5 12. Bxb7 Nxb7 13. Qg4 g6 14. Bh6 Nc5 15. Nc3 Ne6 16. Ne4 Qc8 17. Rfe1 Qb7 18. Rad1 O-O-O 19. h4 Qc6 20. c3 Kb7 21. g3 d5 22.
exd6 Bxd6 23. Qf3 Rd7 24. Kg2 Rhd8 25. Bg5 Rf8 26. Nf6 Qxf3+ 27. Kxf3 Nxg5+ 28. hxg5 Rdd8 29. Nxh7 Rh8 30. Nf6 Kc6 31. Rh1 Be5 32. Ne4 Rxd1 33. Rxd1 Re8 34. Rh1 a5 35. Rh7 Re7 36. a3 Kd5 37.
Rh4 a4 38. Ke3 c6 39. Kf3 Kc4 40. Nd2+ Kd3 41. Nf1 Kc2 42. Rb4 Bd6 43. Rd4 Bc5 44. Rd2+ Kc1 45. g4 Re6 46. Kg2 Re1 47. Rd7 Kxb2 48.
Rxf7 Kxa3 49. Ng3 Kb2 50. Rf6 a3 51. Rxc6 a2 52. Rxc5 a1=Q 53. Rxb5+ Kc2 54. Rd5 Qa4 55. Rd4 Qc6+ 56. f3 Qxc3 57. Re4 Rxe4 58. Nxe4 Qe3 59. Kg3 Kd3 60. Nf2+ Ke2 0-1

[Event "*** Titled Tuesday Blitz"]
[Site "Chess.com"]
[Date "2018.07.03"]
[Round "1"]
[White "DiamondCrusher22"]
[Black "Grebeniuk-S"]
[Result "0-1"]
[WhiteElo "1947"]
[BlackElo "2468"]
[TimeControl "180+2"]
[EndTime "13:09:49 PDT"]
[Termination "Grebeniuk-S won by checkmate"]

1. e4 d5 2. exd5 Qxd5 3. Nc3 Qa5 4. Bc4 Nf6 5. d3 c6 6. Bd2 Bf5 7. Nf3 e6 8. h3 h6 9. Qe2 Nbd7 10. O-O Qc7 11.
Rfe1 Bc5 12. Ne4 Be7 13. Ng3 Bg6 14. Nh4 Bh7 15. Nhf5 Bf8 16. Bxe6 fxe6 17. Qxe6+ Kd8 18. Nh5 Bxf5 19. Qxf5 Nxh5 20. Qxh5 Nf6 21. Qg6 Bd6 22. Re6 Re8 23. Rae1 Rxe6 24. Rxe6 Qd7 25. Qf5 Rc8 26. Bc3 Be7 27. Qe5 Rc7 28. Qe2 Qd5 29. Bd2 Rd7 30. Bf4 Qf5 31. Bg3 Ke8 32. Re5 Qg6 33. Re6 Kf7 34. Re3 Qf5 35. Rf3 Qe6 36. Re3 Qd5 37.
Bh2 Bd6 38. g3 Bc5 39. Rf3 Re7 40. Qd1 Kg8 41. c3 Bd6 42. d4 Qxa2 43. Kg2 Qd5 44. Qd2 b5 45. g4 Bxh2 46. c4 bxc4 47. Qb4 Bd6 48. Qa5 Kh7 49. Qd8 Qe6 50. g5 hxg5 51. d5 cxd5 52. b3 g4 53. hxg4 Qxg4+ 54. Rg3 Bxg3 55. bxc4 Bc7+ 56. Kf1 Bxd8 57. cxd5 Re2 58. d6 Qf3 59. d7 Qxf2# 0-1

[Event "*** Titled Tuesday Blitz"]
[Site "Chess.com"]
[Date "2018.07.03"]
[Round "1"]
[White "Rickstereo"]
[Black "Angry_Serb"]
[Result "1-0"]
[WhiteElo "2176"]
[BlackElo "2500"]
[TimeControl "180+2"]
[EndTime "13:09:53 PDT"]
[Termination "Rickstereo won by resignation"]

1. c4 d6 2. Nc3 g6 3. e4 Bg7 4.
Nge2 e5 5. g3 Nc6 6. Bg2 Bg4 7.
O-O h5 8. h3 Be6 9. d3 Qd7 10.
Kh2 Nge7 11. Nd5 O-O-O 12. Bg5 Rdf8 13. b4 f6 14. Be3 h4 15. g4 f5 16. f3 Nd4 17.
Nxd4 exd4 18. Bg5 Nc6 19. b5 Ne5 20. f4 Nf7 21. Ne7+ Kb8 22. Nxg6 Nxg5 23. fxg5 fxg4 24.
Nxf8 Bxf8 25. hxg4 h3 26. Bf3 Bg7 27. Qe2 Be5+ 28. Kh1 Qg7 29. Qf2 Qxg5 30. Be2 b6 31. Qf3 Kb7 32. a4 Rh4 33. a5 bxa5 34. Rxa5 Rxg4 35.
Rfa1 Rf4 36. Rxa7+ Kc8 37. Ra8+ Kd7 38. Rg1 Rxf3 39.
Rxg5 Rf2 40. Ra2 Ke7 41. Rh5 h2 42. Rh7+ Kf6 43. Rh6+ Kf7 44. Rxe6 Rxe2 45. Rxe2 Kxe6 46. Rg2 Bf4 47. Rg7 d5 48. exd5+ Kd6 49. Rg6+ Kc5 50. Rc6+ Kb4 51. d6 cxd6 52. b6 Kc3 53. b7 d5 54.
cxd5+ Kxd3 55. d6 Ke2 56. b8=Q d3 57. Qb2+ d2 58. d7 Ke1 59. Re6+ Kf1 60. Qb1+ Kf2 61. d8=Q Be3 62. Qf6+ 1-0

[Event "*** Titled Tuesday Blitz"]
[Site "Chess.com"]
[Date "2018.07.03"]
[Round "1"]
[White "SidArun"]
[Black "albi1999"]
[Result "0-1"]
[WhiteElo "2112"]
[BlackElo "2507"]
[TimeControl "180+2"]
[EndTime "13:09:57 PDT"]
[Termination "albi1999 won by resignation"]

1. d4 d5 2. Nc3 Nf6 3. Bf4 a6 4.
e3 b5 5. a3 Bb7 6. g4 e6 7. g5 Nfd7 8. Bg2 c5 9. Nge2 Be7 10.
h4 Nc6 11. Bg3 O-O 12. f4 f5 13. O-O Nb6 14. dxc5 Bxc5 15. Nd4 Re8 16. b4 Bf8 17. Nxc6 Bxc6 18. Ne2 Nc4 19. Qd3 Rc8 20. Nd4 Bd7 21. Rfd1 Kh8 22. Re1 Qb6 23. Bf2 Rc7 24. Nf3 Qb7 25. Qd4 Rec8 26. h5 Be8 27. h6 Bh5 28.
Nh4 Kg8 29. Nxf5 g6 30. Ng3 Bg4 31. Ne2 Nd6 32. Rac1 Rxc2 33. Rxc2 Rxc2 34. Ng3 Qc6 35. Bf1 Qc3 36. Qf6 Qxf6 37. gxf6 Bxh6 38. Bd3 Rc3 39. Be2 Bxe2 40. Nxe2 Rc4 41. Nd4 Kf7 42. Bh4 Ne4 43.
Nf3 Rc2 44. Ne5+ Kf8 45. Nd7+ Ke8 46. Ne5 Nd6 47. Rd1 Rc7 48. Kf2 Nf7 49. Kf3 g5 50. Nxf7 Kxf7 51. fxg5 Bf8 52. Rh1 Kg6 53. Bg3 Rc4 54.
Bf4 Re4 55. Rc1 e5 56. Bg3 Kxg5 57. Rc7 Kxf6 58. Rxh7 Bg7 59. Rh5 Kg6 60. Rh1 Bh6 61. Rg1 Rxe3+ 62. Kf2 Kf5 63. Rh1 Bf4 64. Bxf4 exf4 65. Rh5+ Ke4 66. Rh6 Rxa3 67. Re6+ Kd4 68. Rf6 f3 0-1

[Event "*** Titled Tuesday Blitz"]
[Site "Chess.com"]
[Date "2018.07.03"]
[Round "1"]
[White "Fandorine"]
[Black "Yurovskykh_Oleksandr"]
[Result "1/2-1/2"]
[WhiteElo "2734"]
[BlackElo "2407"]
[TimeControl "180+2"]
[EndTime "13:09:59 PDT"]
[Termination "Game drawn by agreement"]

1. e4 c5 2. Nf3 g6 3. h4 h6 4. Nc3 Bg7 5. d4 cxd4 6. Nxd4 Nc6 7. Be3 Nf6 8. Nxc6 bxc6 9. e5 Ng8 10. Bd4 Qa5 11.
e6 Nf6 12. exf7+ Kxf7 13. Qd2 e5 14. Be3 d5 15. Ne2 Qxd2+ 16. Bxd2 Rb8 17. O-O-O Ng4 18. Be1 h5 19. Ng1 e4 20. b3 Bf5 21. Nh3 Bh6+ 22. Ng5+ Bxg5+ 23. hxg5 Rhd8 24. Rd4 c5 25. Ra4 Rb7 26. f3 Ne3 27. Ba6 Re7 28. Bf2 d4 29. Bxe3 dxe3 30. f4 Bg4 31. Re1 Rd2 32. g3 Rg2 33.
Rxe3 Bf3 34. Bc4+ Kg7 35. Bd5 Rxg3 36. Bxe4 Rg1+ 37. Kd2 Rd1+ 38. Kc3 Bg4 39. Ra6 Bf5 40. Rd3 Rxd3+ 41. cxd3 Bxe4 42. dxe4 Rxe4 43. Rxa7+ Kg8 44.
a4 h4 45. a5 h3 46. Rd7 Rxf4 47. a6 h2 48. Rd1 Rf2 49. Kc4 Ra2 50. Kb5 Kf7 51. Rh1 Ke6 52. Kxc5 Rxa6 53. Rxh2 Ra5+ 54. Kc6 Rxg5 55. Re2+ Kf5 56. b4 Rg3 57. b5 Rc3+ 58.
Kd5 Rb3 59. Kc4 Rb1 60. Rf2+ Ke5 61. Rg2 Kf5 62. Rf2+ Ke5 63. Rf3 g5 1/2-1/2

[Event "*** Titled Tuesday Blitz"]
[Site "Chess.com"]
[Date "2018.07.03"]
[Round "1"]
[White "RiskyDecision"]
[Black "Spring199"]
[Result "0-1"]
[WhiteElo "2490"]
[BlackElo "2180"]
[TimeControl "180+2"]
[EndTime "13:10:00 PDT"]
[Termination "Spring199 won by resignation"]

1. d4 d5 2. c4 e6 3. Nf3 Nf6 4.
g3 Bb4+ 5. Bd2 Be7 6. Bg2 O-O 7. O-O Bd7 8. Qc2 Nc6 9. cxd5 exd5 10. Nc3 Bd6 11.
Bg5 Be6 12. a3 h6 13. Bxf6 Qxf6 14. Rfd1 Rfe8 15. b4 a6 16. Na4 Bf5 17. Qb3 Rxe2 18. Qxd5 Bc2 19. Nc5 Bxd1 20. Rxd1 Bxc5 21. bxc5 Rd8 22.
Qc4 Ree8 23. d5 Ne5 24. Nxe5 Qxe5 25. Rb1 Rb8 26. h3 Qe2 27. Qd4 Qc2 28. Rf1 Rbd8 29. a4 Re2 30. Qh4 Rde8 31. Qb4 Qb2 32. Qa5 Qe5 33.
Qb4 Rb2 34. Qc4 Qe2 35. Qf4 Qe5 36. Qc4 Qe2 37. Qf4 Qe7 38. Qd4 Re2 39. d6 cxd6 40. cxd6 Qd7 41. Kh2 Re1 42. Rxe1 Rxe1 43. Bd5 Re8 44.
Bb3 Rd8 45. Qd5 Kh8 46. a5 Qxd6 47. Qxf7 Qf6 48. Qxf6 gxf6 49. Kg2 Rd3 50. Bc4 Ra3 51. Bd5 Rxa5 52. Bxb7 Ra2 53. Bd5 Rb2 54. Kf3 a5 55. Bc6 Rb4 56. Ke3 a4 57. Kd2 a3 58. Bd5 Rd4+ 0-1

[Event "*** Titled Tuesday Blitz"]
[Site "Chess.com"]
[Date "2018.07.03"]
[Round "1"]
[White "Last7Samurai"]
[Black "ama18"]
[Result "1-0"]
[WhiteElo "2595"]
[BlackElo "2265"]
[TimeControl "180+2"]
[EndTime "13:10:01 PDT"]
[Termination "Last7Samurai won by resignation"]

1. e4 e6 2. d4 d5 3. Nd2 Be7 4.
Bd3 c5 5. exd5 exd5 6. Ngf3 Nf6 7. O-O O-O 8. dxc5 Bxc5 9. Nb3 Bb6 10. c3 Nc6 11. Re1 Bg4 12. Be3 Bxf3 13. Qxf3 Bxe3 14. Rxe3 d4 15. cxd4 Nxd4 16. Qxb7 Rb8 17. Qxa7 Nxb3 18. axb3 Nd5 19. Rf3 Nb4 20. Bc4 Nc6 21.
Qe3 Qc7 22. Re1 Qd7 23. h4 Nd4 24. Rxf7 Rxf7 25. Bxf7+ Qxf7 26. Qxd4 Qxb3 27. g3 Qf7 28. b4 h6 29. Re4 Qf8 30. b5 Qf5 31. Re7 Qg6 32.
Rd7 Kh7 33. b6 Rxb6 34. Rxg7+ Qxg7 35. Qxb6 Qa1+ 36. Kg2 Qc1 37. Qb7+ Kg8 38. Qb8+ Kg7 39. Qf4 Qc6+ 40. Kh2 Qc2 41. Kh3 Qc8+ 42. g4 Qc3+ 43. f3 Qe1 44. Qd4+ Kg8 45. Qd5+ Kg7 46. Qd4+ Kg8 47.
g5 Qh1+ 48. Kg4 Qg2+ 49. Kf4 Qh2+ 50. Kf5 Qh3+ 51. Qg4 Qf1 52. gxh6+ Kf8 53. Qg7+ Ke8 54. Qe5+ Kf8 55. Qf6+ Ke8 56. h7 Qd3+ 57. Kg5 Qxh7 58. Qg6+ 1-0

[Event "*** Titled Tuesday Blitz"]
[Site "Chess.com"]
[Date "2018.07.03"]
[Round "1"]
[White "Art10ECHR"]
[Black "Gvalch"]
[Result "0-1"]
[WhiteElo "2299"]
[BlackElo "2618"]
[TimeControl "180+2"]
[EndTime "13:10:15 PDT"]
[Termination "Gvalch won by resignation"]

1. Nf3 d5 2. c4 d4 3. e3 Nc6 4. exd4 Nxd4 5. Nxd4 Qxd4 6. Nc3 c6 7. d3 Nh6 8. Be3 Qd8 9. Be2 Nf5 10. d4 g6 11. Qd2 Bg7 12. Rd1 O-O 13. O-O Nxe3 14. Qxe3 Qc7 15. Bf3 Bf5 16. b3 Rad8 17. Rfe1 Rfe8 18.
g3 Qb6 19. Ne2 Qa5 20. Qd2 Qc7 21. Qb4 Bh3 22. Bg2 Bg4 23. Qc5 Rd6 24. Qxa7 Red8 25. d5 c5 26. Qa3 Ra6 27. Qc1 Rxa2 28. Qe3 Qe5 29. Qxe5 Bxe5 30. f3 Bf5 31. Nc1 Rxg2+ 32. Kxg2 Bd6 33. g4 Bd7 34. h4 Ra8 35. Nd3 Ra2+ 36. Kg1 h5 37. Nf2 Bg3 38. Rf1 Bxh4 39. gxh5 gxh5 40. Ra1 Rb2 41. Kg2 Bf5 42. Rad1 Rxb3 43.
Rh1 Bxf2 44. Kxf2 Rb2+ 45. Kg3 Bg6 46. Rhe1 Kf8 47. Re3 Rb4 48. Rde1 Rxc4 49. Rxe7 Rd4 50. Rd7 Bf5 51. Rd8+ Kg7 52. d6 h4+ 53. Kh2 Be6 54.
Re4 Rd2+ 55. Kg1 b5 56. Rxh4 b4 57. Rh5 b3 58. Rxc5 b2 59. Rb5 Rd1+ 60. Kf2 b1=Q 61.
Rxb1 Rxb1 62. Ke2 Rb5 63. Ke3 Rd5 64. Ke4 Kf6 65. f4 Rd1 66. Ke3 Bg4 67. Ke4 Ke6 68.
Re8+ Kxd6 69. f5 Re1+ 0-1

[Event "*** Titled Tuesday Blitz"]
[Site "Chess.com"]
[Date "2018.07.03"]
[Round "1"]
[White "51616516516"]
[Black "VerdeNotte"]
[Result "0-1"]
[WhiteElo "2227"]
[BlackElo "2583"]
[TimeControl "180+2"]
[EndTime "13:10:15 PDT"]
[Termination "VerdeNotte won on time"]

1. d4 Nf6 2. c4 c5 3. Nf3 g6 4. Nc3 cxd4 5. Nxd4 Nc6 6. g3 Bg7 7. Bg2 O-O 8. O-O d6 9. Nc2 Be6 10. b3 Qd7 11. Bb2 Bh3 12. Ne3 Rac8 13. Qd2 Rfe8 14. Ncd5 Bxg2 15. Kxg2 Nxd5 16. Nxd5 Qf5 17. f3 Bxb2 18.
Qxb2 Qe5 19. Qxe5 Nxe5 20. f4 Nc6 21. Rfd1 Kg7 22. e3 Rcd8 23. Kf3 Rd7 24. Rac1 e6 25.
Nc3 Red8 26. e4 f5 27. exf5 gxf5 28. Nb5 a6 29. Nd4 Nxd4+ 30. Rxd4 Kf6 31. Rcd1 Ke7 32. R4d3 Rc8 33. Re1 Kf6 34. Rde3 Re7 35. Rd1 Rc6 36. Red3 Rd7 37. h3 b5 38. cxb5 axb5 39.
g4 b4 40. g5+ Ke7 41. Re1 Rdc7 42. Re2 Rc2 43. Rde3 Rxe2 44. Rxe2 Rc3+ 45. Kg2 Rd3 46. Rc2 Kd7 47. h4 Rd4 48. Kg3 Rd3+ 49. Kg2 Rc3 50. Rd2 Ke7 51. h5 d5 52. Re2 Kf7 53. Kf2 Rh3 54. g6+ hxg6 55. hxg6+ Kf6 56. g7 Kxg7 57. Rxe6 Rh2+ 58. Kg3 Rxa2 59. Rb6 d4 60. Rxb4 d3 61. Rd4 d2 62. Rd6 Rb2 63. Kh4 Kf7 64. Kg5 Ke7 65. Rd3 Ke6 66. Rd8 Rxb3 67. Rxd2 Rg3+ 68. Kh4 Rg4+ 69. Kh3 Rxf4 70. Kg3 Ra4 71.
Kf2 Ra3 72. Rb2 Ke5 73. Kf1 Kf4 74. Rb1 Kg3 75. Rc1 f4 76. Kg1 f3 77. Kf1 Ra2 78. Rb1 Rh2 79. Kg1 f2+ 0-1

[Event "*** Titled Tuesday Blitz"]
[Site "Chess.com"]
[Date "2018.07.03"]
[Round "1"]
[White "Alopekos"]
[Black "sergiochess83"]
[Result "1/2-1/2"]
[WhiteElo "2409"]
[BlackElo "2736"]
[TimeControl "180+2"]
[EndTime "13:10:19 PDT"]
[Termination "Game drawn by stalemate"]

1. e4 c5 2. Nf3 d6 3. d4 cxd4 4. Nxd4 Nf6 5. Nc3 a6 6. Be3 Ng4 7. Bc1 Nf6 8. Be3 e6 9. a4 b6 10.
g4 Bb7 11. Bg2 Nfd7 12. O-O Be7 13. f4 O-O 14. g5 Nc6 15. Rf3 Nxd4 16. Bxd4 e5 17.
Be3 exf4 18. Bxf4 Ne5 19. Rh3 Bxg5 20. Bxg5 Qxg5 21. Qxd6 Nc4 22. Qc7 Qc5+ 23. Qxc5 bxc5 24. Nd5 Ne5 25. b3 a5 26. Rc3 c4 27. bxc4 Bc6 28.
c5 f6 29. Ne7+ Kf7 30. Nxc6 Nxc6 31. e5 Rac8 32. Bd5+ Ke7 33. exf6+ gxf6 34. Re1+ Ne5 35. c6 Rfd8 36. Be4 Rd4 37. c7 Kd6 38. Bxh7 Rxc7 39.
Rxc7 Kxc7 40. Re4 Rd2 41. Rf4 Kd6 42. Rxf6+ Kd5 43. Ra6 Nf3+ 44. Kf1 Nxh2+ 45. Ke1 Nf3+ 46. Kf1 Nh2+ 47. Ke1 Nf3+ 48. Kf1 Nh2+ 49. Ke1 Nf3+ 50. Kf1 Kd4 51. Rd6+ Ke3 52. Rd3+ Rxd3 53. Bxd3 Ne5 54. Bb5 Kd2 55. c4 Nd3 56. Kg2 Ke3 57. Kg3 Kd4 58.
Kf3 Ne5+ 59. Ke2 Nxc4 60. Bxc4 Kxc4 61. Kd2 Kb4 62. Kc2 Kxa4 63. Kb2 Kb4 64. Ka1 a4 65. Kb1 a3 66. Ka1 Kb3 67. Kb1 a2+ 68. Ka1 Ka3 1/2-1/2

[Event "*** Titled Tuesday Blitz"]
[Site "Chess.com"]
[Date "2018.07.03"]
[Round "1"]
[White "Swarnapuri"]
[Black "colegiodemadrid"]
[Result "1-0"]
[WhiteElo "2562"]
[BlackElo "2213"]
[TimeControl "180+2"]
[EndTime "13:10:19 PDT"]
[Termination "Swarnapuri won by resignation"]

1. d4 d5 2. Bf4 e6 3. e3 Bd6 4. Bg3 Nf6 5. Nd2 b6 6. Bd3 Ba6 7.
Bxa6 Nxa6 8. Ngf3 O-O 9. Ne5 Nb8 10. f4 c5 11. c3 Qc7 12. O-O Nc6 13. Qf3 Nd7 14.
Bh4 f6 15. Nxc6 Qxc6 16. f5 e5 17. c4 cxd4 18. exd4 exd4 19. cxd5 Qc2 20. Ne4 Be5 21. Rf2 Qc4 22. Bg3 Bxg3 23. Nxg3 Ne5 24. Qe4 Rad8 25. Nh5 Qxd5 26. Qf4 Rf7 27. Qg3 d3 28. Nf4 Qe4 29.
Ne6 Rd4 30. Rf4 Rfd7 31. Rxe4 Rxe4 32. Rd1 Rg4 33. Qe3 Rb4 34. b3 g6 35. fxg6 hxg6 36. Nf4 Rbd4 37. Ne6 R4d6 38. Nf4 Kg7 39. Qg3 d2 40. h4 Rc6 41. Kh2 Rc1 42. Nxg6 Nxg6 43. Qg4 Rxd1 44. Qxd7+ Kh6 45. g3 Ne5 46. Qd8 Re1 47.
Qxf6+ Ng6 48. Qg5+ Kg7 49. Qxd2 Re4 50. Qd3 Re7 51. Qd4+ Ne5 52. Kh3 Kf7 53. Qf4+ Ke6 54. a4 Rf7 55. Qh6+ Rf6 56. Qc1 Nf3 57. Qc8+ Ke5 58. Qc7+ Ke4 59. Qxa7 Ne5 60. Qb7+ Ke3 61. Qe7 Rf5 62. Qe6 Ke4 63. Qxb6 Rf1 64. Qb5 Nd3 65. Qc4+ Ke3 66. Qe6+ Kf3 67. Qf5+ Ke2 68. Qe4+ Kd2 69. Qg2+ Nf2+ 70. Kh2 Ke3 71. Qxf1 1-0